cohdb
Replays
Latest Replays
All Replays
Popular Replays
Top Player Replays
Match Explorer
How It Works
Community
CoH3 Stats
Reddit
Sign in to upload your games and track your stats! →
Sign in with Steam
Match 41873844
Unlisted
Match 41873844
Overview
Messages
Build Orders
End
Vickers Machine Gun Team
Construct Section Command Post
Dingo Light Scout Car
Infantry Section
Infantry Section
Selects Canadian Shock Battlegroup
Selects Attacking Spirit
Infantry Section
Construct Platoon Command Post
Grenade Package
Selects Incendiary Munitions
Humber Armored Car
Infantry Training
6-pounder Anti-tank Gun Team
Construct Company Command Post
Foot Guards Section
Selects Pyrotechnics
Unlock M3 Grant Medium Tanks
Ra11
DangerouslyDumb
Right Click God
mariopl97
Cpt Darling
jwalker987
0
0
Comments
sign in to comment!
No comments posted yet!